 Dungeon Crawl Stone Soup version 0.27-a0-652-g2d5cf1dcd3 (webtiles) character file.

Game seed: 7375441001761635616

110 Gaff the Skirmisher (level 4, -5/49 HPs)
             Began as an Ogre Warper on Mar 16, 2021.
             Slain by a centaur (8 damage)
             ... on level 3 of the Dungeon.
             The game lasted 00:06:16 (3420 turns).

Gaff the Skirmisher (Ogre Warper)                   Turns: 3420, Time: 00:06:17

Health: -5/49      AC:  3    Str: 16    XL:     4   Next: 91%
Magic:  7/7        EV: 10    Int: 14    God:
Gold:   130        SH:  0    Dex:  8    Spells: 5/7 levels left

rFire    + . .     SeeInvis .   a - +0 mace
rCold    . . .     Faith    .   (no shield)
rNeg     . . .     Spirit   .   b - +0 robe
rPois    .         Reflect  .   (helmet restricted)
rElec    .         Harm     .   (no cloak)
rCorr    .         Rampage  .   (gloves unavailable)
Will     .....                  (boots unavailable)
Stlth    +.........             h - amulet of magic regeneration
HPRegen  0.16/turn              l - ring of protection from fire
MPRegen  0.35/turn              (no ring)

@: no status effects
A: large, unfitting armour, tough skin 1
a: no special abilities


You were on level 3 of the Dungeon.
You visited 1 branch of the dungeon, and saw 3 of its levels.

You collected 130 gold pieces.

Inventory:

Hand Weapons
 a - a +0 mace (weapon)
Missiles
 c - 6 javelins
 e - 3 boomerangs of dispersal
 o - 11 poisoned darts (quivered)
Armour
 b - a +0 robe (worn)
Jewellery
 h - an amulet of magic regeneration (around neck)
 l - a ring of protection from fire (right hand)
Scrolls
 f - 2 scrolls of identify {unknown}
 m - a scroll of enchant armour {unknown}
 p - a scroll of fear {unknown}
Potions
 g - a potion of resistance {unknown}
 i - a potion of cancellation {unknown}
 j - 2 potions of lignification {unknown}
 k - a potion of curing
 n - a potion of attraction {unknown}


   Skills:
 + Level 4.3 Fighting
 + Level 2.9 Maces & Flails
 - Level 1.0 Throwing
 + Level 3.1 Dodging
 - Level 2.4 Spellcasting
 - Level 2.6 Translocations


You had 5 spell levels left.
You knew the following spells:

 Your Spells              Type           Power      Damage    Failure   Level
a - Blink                 Tloc           N/A        N/A       12%         2

Your spell library contained the following spells:

 Spells                   Type           Power      Damage    Failure   Level
 Gell's Gravitas          Tloc           4%         N/A       22%         3
 Lesser Beckoning         Tloc           4%         N/A       22%         3
 Teleport Other           Tloc           9%         N/A       22%         3
 Manifold Assault         Tloc           9%         N/A       58%         4


Dungeon Overview and Level Annotations

Branches:
Dungeon (3/15)

Altars:
Ashenzari
Uskayaw
Xom


Innate Abilities, Weirdness & Mutations

You are too large for most types of armour.
You have tough skin. (AC +1)


Message History

You hear a shout!
A centaur comes into view.
The worm bites you!
You hit the worm.
The worm is severely wounded.
You barely miss the worm.
The worm is severely wounded.
The worm misses you.
You hit the worm.
The worm is almost dead.
The worm bites you!
You hit the worm.
You kill the worm!
The centaur hits you.
You hit the centaur but do no damage. The centaur barely misses you. x2
You hit the centaur.
The centaur is lightly wounded.
The centaur hits you!
* * * LOW HITPOINT WARNING * * *
The centaur barely misses you.
You barely miss the centaur.
The centaur is lightly wounded.
The centaur hits you.
* * * LOW HITPOINT WARNING * * *
The centaur hits you!
* * * LOW HITPOINT WARNING * * *
You hit the centaur.
The centaur is moderately wounded.
The centaur hits you!
* * * LOW HITPOINT WARNING * * *
The centaur hits you.
* * * LOW HITPOINT WARNING * * *
You sock the centaur!
The centaur is severely wounded.
The centaur barely misses you.
The centaur hits you but does no damage.
You hit the centaur.
The centaur is severely wounded.
The centaur hits you!
You die...

###### # #....#+# .
#....#_# .. #....### ...
#########...... ....
#......##...... .....
#......###.....
#.....####......###.....
#.....c@..........)..#.<
#.$..###.###....####.#..
#.. #.# #....# #..... #
#'###....# #..#..
+_###.#### #..#..
#'###).### #..... #.#
#....# #.###.
#..###.###..#.# #.. ..
#..........#.# #..


You could see a centaur.

Vanquished Creatures
  A hound (D:1)
  An adder (D:2)
  An ooze (D:1)
  3 worms
  A dart slug (D:2)
  2 leopard geckos (D:1)
  4 giant cockroaches
  5 goblins
  5 hobgoblins
  6 jackals
  7 kobolds
  2 ball pythons (D:2)
  6 bats
  A frilled lizard (D:1)
  6 rats
51 creatures vanquished.

Notes
Turn   | Place    | Note
-------+----------+-------------------------------------------
     0 | D:1      | Gaff the Ogre Warper began the quest for the Orb.
     0 | D:1      | Reached XP level 1. HP: 22/22 MP: 3/3
    94 | D:1      | Reached skill level 3 in Fighting
   135 | D:1      | Reached XP level 2. HP: 24/31 MP: 5/5
   619 | D:1      | Reached XP level 3. HP: 27/37 MP: 6/6
  1731 | D:2      | Learned a level 2 spell: Blink
  2039 | D:1      | Reached skill level 4 in Fighting
  2039 | D:1      | Reached XP level 4. HP: 12/48 MP: 4/7
  2975 | D:2      | Found a hide-covered altar of Uskayaw.
  3058 | D:3      | Found a broken altar of Ashenzari.
  3387 | D:3      | Found a shimmering altar of Xom.
  3410 | D:3      | Noticed a centaur
  3418 | D:3      | HP: 2/49 [centaur (2)]
  3420 | D:3      | Slain by a centaur

Illustrated notes

Levels and vault maps discovered:
D:1:      wheals_arrival_linesprint, layout_loops_ring
D:2:      layout_basic, nicolae_uskayaw_suspiria, glass_columns_a
D:3:      layout_loops_cross, lemuel_doored_altar, lemuel_round_altar,
          ashenzari_conservatory_becter

Skill      XL: |  1  2  3 |
---------------+----------+-----
Fighting       | 3 4 |  4.3
Maces & Flails | 2 |  2.9
Dodging        | 3 |  3.1
Throwing       | |  1.0
Spellcasting   | |  2.4
Translocations | |  2.6

Action                   |  1- 3 |  4- 6 || total
-------------------------+-------+-------++-------
Melee: Mace              |   147 |    67 ||   214
Throw: Boomerang         |     1 |     1 ||     2
       Dart              |       |     9 ||     9
 Cast: Blink             |     1 |       ||     1
  Use: Scroll            |       |     1 ||     1
       Potion            |       |     1 ||     1
 Stab: Sleeping          |     1 |       ||     1
Armor: Robe              |    58 |     7 ||    65
Dodge: Dodged            |    91 |    40 ||   131

Table legend: (Time is in decaauts)
 A = Elapsed time spent in this place.
 B = Non-inter-level travel time spent in this place.
 C = Inter-level travel time spent in this place.
 D = Time resting spent in this place.
 E = Time spent auto-exploring this place.
 F = Levels seen in this place.
 G = Mean time per level.
                   A        B        C        D        E       F      G
               +--------+--------+--------+--------+--------+-----+--------+
         Total |   3482 |   3390 |     92 |   1291 |   1388 |   3 | 1160.7 |
       Dungeon |   3482 |   3390 |     92 |   1291 |   1388 |   3 | 1160.7 |
               +--------+--------+--------+--------+--------+-----+--------+

Top non-repeatable levels by time:
     D:1: 2101 daAuts
     D:2: 1024 daAuts
     D:3: 356 daAuts
